 Dungeon Crawl Stone Soup version 0.27-a0-92-g39ad13b146 (webtiles) character file.

Game seed: 14598754844204384931

613 kae the Ruffian (level 7, 0/57 HPs)
             Began as a Grey Draconian Transmuter on Jan 15, 2021.
             Killed by divine providence
             ... invoked by an orc priest
              (12 damage)
             ... on level 4 of the Dungeon.
             The game lasted 00:02:11 (2270 turns).

kae the Ruffian (Grey Draconian Transmuter)         Turns: 2270, Time: 00:02:11

Health: 0/57       AC: 11    Str: 14    XL:     7   Next: 20%
Magic:  12/12      EV: 13    Int: 13    God:
Gold:   40         SH:  0    Dex: 12    Spells: 8/12 levels left

rFire    . . .     SeeInvis .     - Unarmed
rCold    . . .     Faith    .   (no shield)
rNeg     . . .     Spirit   .   (armour unavailable)
rPois    .         Reflect  .   (helmet restricted)
rElec    .         Harm     .   (no cloak)
rCorr    .         Rampage  .   (no gloves)
Will     .....                  (no boots)
Stlth    +.........             b - amulet of magic regeneration
HPRegen  0.19/turn              (no ring)
MPRegen  0.38/turn              (no ring)

@: mighty, lethally poisoned (0 -> -2)
A: walk through water, unfitting armour, unbreathing, cold-blooded, AC +11
a: no special abilities


You were on level 4 of the Dungeon.
You visited 1 branch of the dungeon, and saw 3 of its levels.
You also visited: Sewer.

You collected 40 gold pieces.

Inventory:

Jewellery
 b - an amulet of magic regeneration (around neck)
Scrolls
 d - 4 scrolls of fear {unknown}
 e - a scroll of teleportation {unknown}
 f - a scroll of enchant armour {unknown}
 h - a scroll of enchant weapon {unknown}
 i - a scroll of magic mapping {unknown}
 j - a scroll of blinking {unknown}
Potions
 g - a potion of might


   Skills:
 + Level 3.5 Fighting
 + Level 3.3 Dodging
 * Level 5.4 Unarmed Combat
 + Level 3.3 Spellcasting
 + Level 3.6 Transmutations


You had 8 spell levels left.
You knew the following spells:

 Your Spells              Type           Power        Failure   Level
a - Beastly Appendage     Tmut           22%          4%          1
b - Spider Form           Tmut/Pois      3%           32%         3

Your spell library contained the following spells:

 Spells                   Type           Power        Failure   Level
 Wereblood                Tmut           11%          8%          2
 Ice Form                 Ice/Tmut       6%           71%         4
 Blade Hands              Tmut           5%           80%         5


Dungeon Overview and Level Annotations

Branches:
Dungeon (2/15)              Sewer (visited)

Altars:


Innate Abilities, Weirdness & Mutations

You can walk through water.
Your dull iron-grey scales are very hard. (AC +11)
You cannot fit into any form of body armour.
You can survive without breathing.
You are cold-blooded and may be slowed by cold attacks.


Message History

The adder is moderately wounded.
You feel sick.
The jackal bites you but does no damage.
The orc priest closely misses you. The orc barely misses you.
The hound bites you.
* * * LOW HITPOINT WARNING * * *
The adder bites you but does no damage.
You hit the orc priest.
The orc priest is moderately wounded.
The hound closely misses you. The adder barely misses you.
The orc priest barely misses you. The orc closely misses you.
The jackal barely misses you.
You barely miss the orc priest.
The orc priest is moderately wounded.
The hound bites you.
* * * LOW HITPOINT WARNING * * *
The adder bites you but does no damage.
The orc priest calls down the wrath of Beogh upon you.
Beogh smites you!
You die...

##.### ......
....##†.# ......
....###.#####.....#.
.....#.....#........
....................
####...........!.....
.....#...#...........
#...≈≈≈≈≈..)oh......
.#.#≈≈≈≈≈≈≈#)@Shh....
....≈≈≈≈≈≈≈≈.ho......
#...≈≈≈.≈≈≈......>...
..).≈≈≈≈≈≈≈..........
##.#≈≈≈≈≈≈≈#.........
##...≈≈≈≈≈...........
.....#..≈#.........<.
####.................
####.....)##


You could see a hound, an orc priest, an adder, an orc and 3 jackals.

Vanquished Creatures
  5 big kobolds (Sewer)
  A howler monkey (D:4)
  An orc wizard (D:4)
  A worker ant (D:4)
  5 adders
  5 river rats (Sewer)
  5 oozes (Sewer)
  An adder skeleton (D:4)
  7 worms
  2 dart slugs (D:1)
  A leopard gecko (D:1)
  4 orcs (D:4)
  3 ball pythons
  A giant cockroach (D:1)
  4 hobgoblins (D:1)
  2 kobolds (Sewer)
  3 bats (D:1)
  2 frilled lizards
  4 goblins (D:1)
  8 rats
65 creatures vanquished.

Notes
Turn   | Place    | Note
-------+----------+-------------------------------------------
     0 | D:1      | kae the Draconian Transmuter began the quest for the Orb.
     0 | D:1      | Reached XP level 1. HP: 16/16 MP: 3/3
   108 | D:1      | Reached XP level 2. HP: 23/23 MP: 5/5
   763 | D:2      | Reached XP level 3. HP: 25/29 MP: 6/6
   777 | D:1      | Learned a level 3 spell: Spider Form
   870 | D:2      | You fall into a shaft and drop 2 floors!
   870 | D:4      | Found a glowing drain.
   879 | Sewer    | Entered a sewer
   971 | Sewer    | Noticed a big kobold
  1011 | Sewer    | Killed a big kobold
  1012 | Sewer    | Reached XP level 4. HP: 27/36 MP: 5/7
  1094 | Sewer    | Noticed a big kobold
  1116 | Sewer    | Killed a big kobold
  1117 | Sewer    | Reached skill level 4 in Unarmed Combat
  1117 | Sewer    | Reached XP level 5. HP: 38/42 MP: 2/9
  1785 | Sewer    | Reached XP level 6. HP: 51/51 MP: 7/10
  2124 | Sewer    | Reached skill level 5 in Unarmed Combat
  2242 | D:4      | Your scales start taking on a dull iron-grey colour.
  2242 | D:4      | Reached XP level 7. HP: 39/57 MP: 9/11
  2242 | D:4      | Gained mutation: You can survive without breathing. [Grey
                  | Draconian growth]
  2270 | D:4      | Killed from afar by an orc priest

Illustrated notes

Levels and vault maps discovered:
D:1:      evilmike_arrival_rings, layout_basic, minmay_split_cup_large
D:2:      layout_basic, overflow_temple_1_default, minmay_goblin_kobold_house,
          uniq_terence
D:4:      layout_rooms, serial_shops, nicolae_shop_trees,
          ebering_ghost_rock_garden, cheibrodos_sewer_entry_drain,
          minmay_misc_feat_square, amethyst_killhole

Skill      XL: |  1  2  3  4  5  6 |
---------------+-------------------+-----
Dodging        | 2 3 |  3.3
Fighting       | 2 3 |  3.5
Unarmed Combat | 4 5 |  5.4
Transmutations | 3 |  3.6
Spellcasting   | 3 |  3.3

Action                   |  1- 3 |  4- 6 |  7- 9 || total
-------------------------+-------+-------+-------++-------
Melee: Unarmed           |    91 |   154 |    19 ||   264
       Kick              |    12 |    14 |       ||    26
       Headbutt          |     7 |     6 |       ||    13
       Tailslap          |     7 |     6 |       ||    13
 Cast: Beastly Appendage |    14 |     9 |       ||    23
       Spider Form       |     3 |     4 |       ||     7
  Use: Scroll            |       |     2 |       ||     2
       Potion            |       |     1 |       ||     1
Armor: Skin              |    31 |    35 |     7 ||    73
Dodge: Dodged            |    56 |   113 |    16 ||   185

Table legend: (Time is in decaauts)
 A = Elapsed time spent in this place.
 B = Non-inter-level travel time spent in this place.
 C = Inter-level travel time spent in this place.
 D = Time resting spent in this place.
 E = Time spent auto-exploring this place.
 F = Levels seen in this place.
 G = Mean time per level.
                   A        B        C        D        E       F      G
               +--------+--------+--------+--------+--------+-----+--------+
         Total |   2403 |   2375 |     28 |     90 |   1695 |   4 |  600.8 |
       Dungeon |    927 |    899 |     28 |      3 |    648 |   3 |  309.0 |
         Sewer |   1476 |   1476 |      0 |     87 |   1047 |   1 | 1476.0 |
               +--------+--------+--------+--------+--------+-----+--------+

Top non-repeatable levels by time:
   Sewer: 1476 daAuts
     D:1: 737 daAuts
     D:2: 129 daAuts
     D:4: 61 daAuts
